Patriotes vs Mustangs
(R1)
Created - March 28, 2018 at 23:01
Goals
|
| Patriotes |
2 |
2 |
4 |
0 |
1 |
9 |
| Mustangs |
1 |
5 |
2 |
0 |
0 |
8 |
|
Shots
|
| Patriotes |
13 |
16 |
16 |
0 |
4 |
45 |
| Mustangs |
9 |
18 |
9 |
2 |
4 |
38 |
|
1st period
1. Patriotes , Phil McRae 17 (Aaron Ness 10, Emerson Etem 27) at 4:11
2. Mustangs , Riley Sheahan 35 (Josh Jooris 55, Marcus Foligno 47) at 10:23
3. Patriotes , Fedor Fedorov 20 (Christian Hanson 36, Andrew Gordon 49) at 15:23
Penalties :
Joshua Leivo (Ham) for Tripping (Minor) at 18:19
2nd period
4. Patriotes , Christian Hanson 39 (Ryan Wilson 58) at 0:13 (PP)
5. Mustangs , Josh Jooris 47 (Scott Mayfield 12, Marcus Foligno 48) at 5:58
6. Patriotes , Zenon Konopka 19 (Ryan Wilson 59, Matt Calvert 27) at 7:46
7. Mustangs , Jim O'Brien 24 (Jerome Samson 15, Joshua Leivo 11) at 9:19
8. Mustangs , Tomas Tatar 27 (Cameron Gaunce 37, Andrew Shaw 26) at 11:00 (PP)
9. Mustangs , Jim O'Brien 25 (Jerome Samson 16, Riley Sheahan 56) at 18:13
10. Mustangs , Riley Sheahan 36 (Marcus Foligno 49) at 19:56
Penalties :
Emerson Etem (Nyc) for Hooking (Minor) at 10:22
3rd period
11. Patriotes , Tyler Randell 15 (Matt Calvert 28, Zenon Konopka 23) at 5:23 (PP)
12. Patriotes , Fedor Fedorov 21 (Timothy Kunes 31, Matt Calvert 29) at 6:38
13. Patriotes , Justin Florek 14 (Anthony Bitetto 27, Alex Petrovic 17) at 7:13
14. Mustangs , Jim O'Brien 26 (Jerome Samson 17, Derek Joslin 34) at 8:07
15. Mustangs , Brady Skjei 11 (Cameron Gaunce 38, Riley Sheahan 57) at 12:16 (PP)
16. Patriotes , Zenon Konopka 20 (Tyler Randell 18, Matt Calvert 30) at 13:23
Penalties :
Aaron Ness (Nyc) for Tripping (Minor) at 3:10, Josh Jooris (Ham) for Goalie Interference (Minor) at 4:31, Fedor Fedorov (Nyc) for Hooking (Minor) at 11:32, Brady Skjei (Ham) for Hooking (Minor) at 16:59
Overtime #1
No Goal
Penalties :
No Penalty
Shootout
Penalty Shot by Andrew Gordon for Patriotes - Shot Misses the Net
Penalty Shot by Rick Schofield for Mustangs - Stopped by Andrei Vasilevskiy
Penalty Shot by Christian Hanson for Patriotes - Shot Misses the Net
Penalty Shot by Mika Zibanejad for Mustangs - Stopped by Andrei Vasilevskiy
Penalty Shot by Fedor Fedorov for Patriotes - Stopped by Peter Mannino
Penalty Shot by Andrew Shaw for Mustangs - Stopped by Andrei Vasilevskiy
Penalty Shot by Tyler Randell for Patriotes - Goal!
Penalty Shot by Marcus Foligno for Mustangs - Stopped by Andrei Vasilevskiy
Penalties :
No Penalty
Goalie Stats
Andrei Vasilevskiy (Nyc), 9 saves from 11 shots - (0.818), W, 8-13-5, 25:04 minutes
Marek Schwarz (Nyc), 21 saves from 27 shots - (0.778), 39:56 minutes
Peter Mannino (Ham), 37 saves from 45 shots - (0.822), OTL, 25-18-5, 65:00 minutes
Players Stats for Patriotes
Player Name G A P +/- PIM S H SB GA TA FO MP PP MP PK MP
------------------------------------------------------------------------------------
Aaron Ness 0 1 1 0 2 0 0 3 0 0 0/0 12:56 0:02 0:00
Alex Petrovic 0 1 1 1 0 1 0 2 0 1 0/0 20:09 1:34 0:42
Andrew Gordon 0 1 1 -1 0 2 1 1 1 0 3/9 25:24 2:37 2:01
Anthony Bitetto 0 1 1 1 0 2 1 1 0 1 0/0 20:09 1:34 0:42
Austin Watson 0 0 0 0 0 0 0 0 0 0 1/1 1:26 0:00 0:26
Christian Hanson 1 1 2 -1 0 7 3 3 0 0 20/44 25:23 2:28 2:01
David Kolomatis 0 0 0 0 0 0 0 1 0 1 0/0 12:55 0:00 0:00
Emerson Etem 0 1 1 1 2 2 0 1 0 0 0/0 7:32 0:00 0:00
Evgeny Kuznetsov 0 0 0 -1 0 2 0 0 0 0 0/7 11:27 0:00 0:00
Fedor Fedorov 2 0 2 -1 2 3 2 3 0 1 2/3 22:25 2:26 0:33
Jared Knight 0 0 0 0 0 0 0 0 0 0 0/0 1:33 0:10 0:00
Justin Florek 1 0 1 -1 0 2 1 0 0 1 0/0 11:29 0:00 0:00
Mark Stone 0 0 0 -1 0 0 0 0 1 1 0/0 11:20 0:00 0:00
Matt Calvert 0 4 4 1 0 5 2 0 2 0 0/0 16:33 1:29 0:00
Phil McRae 1 0 1 1 0 3 0 0 0 0 1/3 7:33 0:00 0:00
Riley Barber 0 0 0 0 0 0 0 0 0 0 0/0 0:00 0:00 0:00
Robbie Russo 0 0 0 0 0 0 0 0 0 0 0/0 3:48 0:00 0:00
Robert Baillargeon 0 0 0 0 0 0 0 0 0 0 0/0 0:00 0:00 0:00
Ryan Wilson 0 2 2 -1 0 4 2 2 0 2 0/0 31:56 2:33 2:01
Scott Glennie 0 0 0 0 0 0 0 0 0 0 0/0 1:47 0:11 0:00
Timothy Kunes 0 1 1 -1 0 4 2 3 0 1 0/0 28:08 2:33 2:01
Tyler Randell 1 1 2 1 0 2 0 0 0 0 1/1 18:37 1:29 0:25
Vince Hinostroza 0 0 0 1 0 0 0 0 0 0 0/1 7:33 0:00 0:00
Zenon Konopka 2 1 3 1 0 6 3 1 2 1 4/7 16:33 1:29 0:00
Players Stats for Mustangs
Player Name G A P +/- PIM S H SB GA TA FO MP PP MP PK MP
------------------------------------------------------------------------------------
Andrew Shaw 0 1 1 -4 0 2 0 0 0 0 2/2 16:48 0:58 0:00
Brady Skjei 1 0 1 0 2 2 2 5 1 0 0/0 29:55 2:04 1:26
Cameron Gaunce 0 2 2 0 0 4 1 2 0 2 0/0 30:46 2:04 2:59
Curtis Hamilton 0 0 0 0 0 0 0 0 0 0 0/0 7:38 0:00 0:09
Derek Joslin 0 1 1 -2 0 2 1 0 0 0 0/0 22:01 0:39 2:15
Francis Paré 0 0 0 0 0 0 0 1 2 0 0/0 7:29 0:00 0:00
Jerome Samson 0 3 3 3 0 0 0 0 0 0 0/0 10:41 0:00 0:00
Jim O'Brien 3 0 3 3 0 3 0 0 1 0 7/7 13:11 0:00 0:35
Joe Finley 0 0 0 2 0 0 0 1 0 1 0/0 13:05 0:00 0:26
Josh Jooris 1 1 2 1 2 4 4 1 1 1 1/2 20:14 1:44 0:00
Joshua Leivo 0 1 1 3 2 0 0 1 0 0 1/1 11:47 0:00 0:09
Marcus Foligno 0 3 3 1 0 2 4 0 1 0 1/4 25:16 1:45 2:32
Mark Pysyk 0 0 0 -2 0 0 3 1 1 1 0/0 21:09 0:39 0:42
Mika Zibanejad 0 0 0 -4 0 4 3 0 0 0 7/11 19:18 0:58 0:50
Rick Schofield 0 0 0 0 0 6 0 0 0 0 2/2 7:29 0:00 0:00
Riley Sheahan 2 2 4 1 0 6 0 1 0 1 23/46 25:27 1:45 2:42
Scott Mayfield 0 1 1 2 0 0 1 2 0 0 0/0 13:05 0:00 0:26
Tomas Tatar 1 0 1 -4 0 3 3 2 3 0 0/1 19:53 0:58 1:17
3 Stars
1 - Jim O'Brien (Ham)
2 - Zenon Konopka (Nyc)
3 - Riley Sheahan (Ham)
Power Play
Patriotes - 2 on 3 Attempt(s) - 66.67%
Mustangs - 2 on 3 Attempt(s) - 66.67%
Penalty Kill
Patriotes - 1 on 3 Attempt(s) - 33.33%
- Score 0 goal in Penalty Kill
Mustangs - 1 on 3 Attempt(s) - 33.33%
- Score 0 goal in Penalty Kill
Team Stat
Patriotes - Hits : 17 - Faceoff Wins : 32 - Blocked Shots : 21 - Penalty Minutes : 6
Mustangs - Hits : 22 - Faceoff Wins : 44 - Blocked Shots : 17 - Penalty Minutes : 6
Official
Referees : Dwyer Gord and O'Halloran Dan
Linesman : Don Henderson and Scott Cherrey
Game Notes
Andrei Vasilevskiy enters game at 19:56 of 2nd period
Jim O'Brien has scored a Hat Trick!
Finance
Level 1 -- Attendance: 1555 (77.75%) -- Ticket Income $62,200
Level 2 -- Attendance: 724 (72.40%) -- Ticket Income $14,480
Total Attendance: 2279 (75.97%)
Total Ticket Income: $76,680
Other Income: $3,834
Total Income: $80,514
Patriotes
5 vs 5 Forward
Center Left Wing Right Wing Time % Phy DF OF
1 Christian Hanson Fedor Fedorov Andrew Gordon 40 1 2 2
2 Zenon Konopka Matt Calvert Tyler Randell 30 1 2 2
3 Evgeny Kuznetsov Justin Florek Mark Stone 20 1 2 2
4 Phil McRae Vince Hinostroza Emerson Etem 10 1 2 2
5 vs 5 Defense
Defense Defense Time % Phy DF OF
1 Ryan Wilson Timothy Kunes 40 1 2 2
2 Anthony Bitetto Alex Petrovic 30 1 2 2
3 David Kolomatis Aaron Ness 20 1 2 2
4 Robbie Russo Ryan Wilson 10 1 2 2
PowerPlay Forward
Center Left Wing Right Wing Time % Phy DF OF
1 Christian Hanson Fedor Fedorov Andrew Gordon 60 1 2 2
2 Zenon Konopka Matt Calvert Tyler Randell 40 1 2 2
PowerPlay Defense
Defense Defense Time % Phy DF OF
1 Ryan Wilson Timothy Kunes 60 1 2 2
2 Anthony Bitetto Alex Petrovic 40 1 2 2
Penalty Kill 4 Players Forward
Center Wing Time % Phy DF OF
1 Andrew Gordon Christian Hanson 60 1 2 2
2 Fedor Fedorov Tyler Randell 40 1 2 2
Penalty Kill 4 Players Defense
Defense Defense Time % Phy DF OF
1 Ryan Wilson Timothy Kunes 60 1 2 2
2 Anthony Bitetto Alex Petrovic 40 1 2 2
Penalty Kill - 3 Players Forward
Forward Time % Phy DF OF
1 Andrew Gordon 60 1 2 2
2 Christian Hanson 40 1 2 2
Penalty Kill - 3 Players Defense
Defense Defense Time % Phy DF OF
1 Ryan Wilson Timothy Kunes 60 1 2 2
2 Anthony Bitetto Alex Petrovic 40 1 2 2
4 vs 4 Forward
Center Wing Time % Phy DF OF
1 Andrew Gordon Christian Hanson 60 1 2 2
2 Fedor Fedorov Tyler Randell 40 1 2 2
4 vs 4 Defense
Defense Defense Time % Phy DF OF
1 Ryan Wilson Timothy Kunes 60 1 2 2
2 Anthony Bitetto Alex Petrovic 40 1 2 2
Last Minutes Offensive
Center Left Wing Right Wing Defense Defense
Christian Hanson Fedor Fedorov Andrew Gordon Ryan Wilson Timothy Kunes
Last Minutes Defensive
Center Left Wing Right Wing Defense Defense
Christian Hanson Fedor Fedorov Andrew Gordon Ryan Wilson Timothy Kunes
Goaltenders
Starting : Marek Schwarz
Backup : Andrei Vasilevskiy
Extra Forwards
Normal : Scott Glennie, Jared Knight, Austin Watson - PP : Scott Glennie, Jared Knight - PK : Austin Watson
Extra Defensemen
Normal : David Kolomatis, Aaron Ness, Robbie Russo - PP : David Kolomatis - PK : Aaron Ness, Robbie Russo
Penalty Shots
Andrew Gordon, Christian Hanson, Fedor Fedorov, Tyler Randell, Matt Calvert
Scratches
Phoenix Copley (Healthy)
Mustangs
5 vs 5 Forward
Center Left Wing Right Wing Time % Phy DF OF
1 Riley Sheahan Marcus Foligno Josh Jooris 40 1 2 2
2 Mika Zibanejad Tomas Tatar Andrew Shaw 30 1 2 2
3 Jim O'Brien Joshua Leivo Jerome Samson 20 1 2 2
4 Rick Schofield Curtis Hamilton Francis Paré 10 1 2 2
5 vs 5 Defense
Defense Defense Time % Phy DF OF
1 Cameron Gaunce Brady Skjei 44 1 2 2
2 Derek Joslin Mark Pysyk 33 1 2 2
3 Joe Finley Scott Mayfield 23 1 2 2
4 Cameron Gaunce Brady Skjei 0 1 2 2
PowerPlay Forward
Center Left Wing Right Wing Time % Phy DF OF
1 Riley Sheahan Marcus Foligno Josh Jooris 60 1 2 2
2 Mika Zibanejad Tomas Tatar Andrew Shaw 40 1 2 2
PowerPlay Defense
Defense Defense Time % Phy DF OF
1 Cameron Gaunce Brady Skjei 60 1 2 2
2 Derek Joslin Mark Pysyk 40 1 2 2
Penalty Kill 4 Players Forward
Center Wing Time % Phy DF OF
1 Riley Sheahan Marcus Foligno 60 1 2 2
2 Jim O'Brien Tomas Tatar 40 1 2 2
Penalty Kill 4 Players Defense
Defense Defense Time % Phy DF OF
1 Cameron Gaunce Brady Skjei 60 1 2 2
2 Derek Joslin Mark Pysyk 40 1 2 2
Penalty Kill - 3 Players Forward
Forward Time % Phy DF OF
1 Riley Sheahan 60 1 2 2
2 Jim O'Brien 40 1 2 2
Penalty Kill - 3 Players Defense
Defense Defense Time % Phy DF OF
1 Cameron Gaunce Brady Skjei 60 1 2 2
2 Derek Joslin Mark Pysyk 40 1 2 2
4 vs 4 Forward
Center Wing Time % Phy DF OF
1 Riley Sheahan Marcus Foligno 60 1 2 2
2 Mika Zibanejad Tomas Tatar 40 1 2 2
4 vs 4 Defense
Defense Defense Time % Phy DF OF
1 Cameron Gaunce Brady Skjei 60 1 2 2
2 Derek Joslin Mark Pysyk 40 1 2 2
Last Minutes Offensive
Center Left Wing Right Wing Defense Defense
Riley Sheahan Marcus Foligno Josh Jooris Cameron Gaunce Brady Skjei
Last Minutes Defensive
Center Left Wing Right Wing Defense Defense
Riley Sheahan Marcus Foligno Josh Jooris Cameron Gaunce Brady Skjei
Goaltenders
Starting : Peter Mannino
Backup : Chet Pickard
Extra Forwards
Normal : Riley Sheahan, Mika Zibanejad, Jim O'Brien - PP : Mika Zibanejad, Riley Sheahan - PK : Marcus Foligno
Extra Defensemen
Normal : Brady Skjei, Mark Pysyk, Cameron Gaunce - PP : Brady Skjei - PK : Derek Joslin, Cameron Gaunce
Penalty Shots
Rick Schofield, Mika Zibanejad, Andrew Shaw, Marcus Foligno, Josh Jooris
Scratches
Roman Horak (Healthy), Andreas Athanasiou (Healthy), Alexei Marchenko (Left Leg Injury), Dominik Uher (Healthy), Eric Knodel (Healthy)
Matthew Finn (Healthy), Danny Biega (Healthy), Raphael Bussieres (Healthy), Sam Kurker (Healthy), Max Gortz (Healthy)
Denis Bodrov (Right Leg Injury), Riley Nash (Healthy), Justin Peters (Healthy), Joacim Eriksson (Healthy)
% Time on Ice - Patriotes
Lines # - Real PCT - Wanted PCT - Time Play
Normal Forward
1 - 35% - 40% - 18:35
2 - 29% - 30% - 15:04
3 - 22% - 20% - 11:20
4 - 14% - 10% - 7:33
Normal Defense
1 - 39% - 40% - 20:27
2 - 31% - 30% - 16:16
3 - 23% - 20% - 12:01
4 - 7% - 10% - 3:48
PP Forward
1 - 64% - 60% - 2:38
2 - 36% - 40% - 1:29
PP Defense
1 - 62% - 60% - 2:33
2 - 38% - 40% - 1:34
PK Forward
1 - 85% - 60% - 2:18
2 - 15% - 40% - 0:25
PK Defense
1 - 74% - 60% - 2:01
2 - 26% - 40% - 0:42
PK3 Forward
1 - 0% - 60%
2 - 0% - 40%
PK3 Defense
1 - 0% - 60%
2 - 0% - 40%
44 Forward
1 - 76% - 60% - 4:17
2 - 24% - 40% - 1:21
44 Defense
1 - 71% - 60% - 4:01
2 - 29% - 40% - 1:37
Last Minute Offensive - 0:00
Last Minute Defensive - 0:00
Total
Forward - 65:00
Defense - 65:00
|
% Time on Ice - Mustangs
Lines # - Real PCT - Wanted PCT - Time Play
Normal Forward
1 - 36% - 40% - 18:51
2 - 30% - 30% - 15:31
3 - 20% - 20% - 10:41
4 - 14% - 10% - 7:29
Normal Defense
1 - 44% - 44% - 23:06
2 - 34% - 33% - 17:36
3 - 23% - 23% - 11:50
4 - 0% - 0% - 0:00
PP Forward
1 - 64% - 60% - 1:45
2 - 36% - 40% - 0:58
PP Defense
1 - 76% - 60% - 2:04
2 - 24% - 40% - 0:39
PK Forward
1 - 86% - 60% - 3:32
2 - 14% - 40% - 0:35
PK Defense
1 - 83% - 60% - 3:25
2 - 17% - 40% - 0:42
PK3 Forward
1 - 0% - 60%
2 - 0% - 40%
PK3 Defense
1 - 0% - 60%
2 - 0% - 40%
44 Forward
1 - 94% - 60% - 5:17
2 - 6% - 40% - 0:21
44 Defense
1 - 74% - 60% - 4:09
2 - 26% - 40% - 1:29
Last Minute Offensive - 0:00
Last Minute Defensive - 0:00
Total
Forward - 65:00
Defense - 65:00
|
Play by Play
1st period
0:01 of 1st period - Riley Sheahan wins face-off versus Christian Hanson in neutral zone.
1:21 of 1st period - Snap shot by Andrew Gordon.
1:21 of 1st period - Shot Misses the Net.
1:47 of 1st period - Slapshot by Brady Skjei.
1:47 of 1st period - Shot Misses the Net.
1:49 of 1st period - Snap shot by Tomas Tatar.
1:49 of 1st period - Stopped by Marek Schwarz with a rebound.
1:51 of 1st period - Backhand shot by Cameron Gaunce.
1:51 of 1st period - Stopped by Marek Schwarz with a rebound.
2:15 of 1st period - Snap shot by Rick Schofield.
2:15 of 1st period - Stopped by Marek Schwarz without a rebound.
2:16 of 1st period - Riley Sheahan wins face-off versus Christian Hanson in Patriotes zone.
2:44 of 1st period - Icing by Marcus Foligno.
2:45 of 1st period - Jim O'Brien wins face-off versus Evgeny Kuznetsov in Mustangs zone.
3:12 of 1st period - Mika Zibanejad is hit by Andrew Gordon and loses puck.
3:33 of 1st period - Wrist shot by Marcus Foligno.
3:33 of 1st period - Stopped by Marek Schwarz without a rebound.
3:34 of 1st period - Phil McRae wins face-off versus Riley Sheahan in Patriotes zone.
4:11 of 1st period - Snap shot by Phil McRae.
4:11 of 1st period - Goal by Phil McRae - Patriotes : 1 - Mustangs : 0.
4:12 of 1st period - Mika Zibanejad wins face-off versus Christian Hanson in neutral zone.
4:39 of 1st period - Joshua Leivo is hit by Zenon Konopka.
5:20 of 1st period - Icing by Riley Sheahan.
5:21 of 1st period - Riley Sheahan wins face-off versus Phil McRae in Mustangs zone.
5:28 of 1st period - Vince Hinostroza is hit by Derek Joslin and loses puck.
6:00 of 1st period - Backhand shot by Andrew Gordon.
6:00 of 1st period - Shot Blocked by Francis Paré.
6:38 of 1st period - Wrist shot by Evgeny Kuznetsov.
6:38 of 1st period - Stopped by Peter Mannino without a rebound.
6:39 of 1st period - Jim O'Brien wins face-off versus Christian Hanson in Mustangs zone.
6:50 of 1st period - Slapshot by Ryan Wilson.
6:50 of 1st period - Shot Blocked by Scott Mayfield.
6:52 of 1st period - Slapshot by Ryan Wilson.
6:52 of 1st period - Shot Blocked by Scott Mayfield.
6:54 of 1st period - Slapshot by Timothy Kunes.
6:54 of 1st period - Shot Blocked by Joshua Leivo.
7:55 of 1st period - Wrist shot by Christian Hanson.
7:55 of 1st period - Deflect By Derek Joslin.
7:55 of 1st period - Stopped by Peter Mannino with a rebound.
9:20 of 1st period - Wrist shot by Rick Schofield.
9:20 of 1st period - Deflect By Francis Paré.
9:20 of 1st period - Shot Misses the Net.
9:20 of 1st period - Puck is out of play.
9:21 of 1st period - Christian Hanson wins face-off versus Tomas Tatar in Patriotes zone.
9:32 of 1st period - Anthony Bitetto is hit by Mika Zibanejad and loses puck.
9:46 of 1st period - Marcus Foligno is hit by Zenon Konopka and loses puck.
9:57 of 1st period - Wrist shot by Matt Calvert.
9:57 of 1st period - Stopped by Peter Mannino without a rebound.
9:58 of 1st period - Mika Zibanejad wins face-off versus Christian Hanson in Mustangs zone.
10:11 of 1st period - Slapshot by Mika Zibanejad.
10:11 of 1st period - Stopped by Marek Schwarz without a rebound.
10:12 of 1st period - Riley Sheahan wins face-off versus Christian Hanson in Patriotes zone.
10:21 of 1st period - Wrist shot by Josh Jooris.
10:21 of 1st period - Shot Blocked by Fedor Fedorov.
10:23 of 1st period - Wrist shot by Riley Sheahan.
10:23 of 1st period - Goal by Riley Sheahan - Patriotes : 1 - Mustangs : 1.
10:24 of 1st period - Riley Sheahan wins face-off versus Christian Hanson in neutral zone.
10:26 of 1st period - Off-side.
10:27 of 1st period - Christian Hanson wins face-off versus Riley Sheahan in neutral zone.
10:30 of 1st period - Slapshot by Christian Hanson.
10:30 of 1st period - Stopped by Peter Mannino without a rebound.
10:31 of 1st period - Riley Sheahan wins face-off versus Christian Hanson in Mustangs zone.
10:31 of 1st period - Riley Sheahan is hit by Christian Hanson.
10:37 of 1st period - Snap shot by Andrew Gordon.
10:37 of 1st period - Deflect By Fedor Fedorov.
10:37 of 1st period - Shot Hit the Post.
10:37 of 1st period - Puck is out of play.
10:38 of 1st period - Christian Hanson wins face-off versus Mika Zibanejad in Mustangs zone.
11:48 of 1st period - Alex Petrovic is hit by Scott Mayfield and loses puck.
12:18 of 1st period - Off-side.
12:19 of 1st period - Zenon Konopka wins face-off versus Marcus Foligno in neutral zone.
12:50 of 1st period - Wrist shot by Andrew Shaw.
12:50 of 1st period - Stopped by Marek Schwarz with a rebound.
12:52 of 1st period - Wrist shot by Cameron Gaunce.
12:52 of 1st period - Shot Blocked by Aaron Ness.
12:54 of 1st period - Wrist shot by Tomas Tatar.
12:54 of 1st period - Shot Misses the Net.
13:50 of 1st period - Wrist shot by Tyler Randell.
13:50 of 1st period - Deflect By Matt Calvert.
13:50 of 1st period - Shot Misses the Net.
13:50 of 1st period - Puck is out of play.
13:51 of 1st period - Andrew Gordon wins face-off versus Riley Sheahan in Mustangs zone.
13:52 of 1st period - Wrist shot by Christian Hanson.
13:52 of 1st period - Shot Misses the Net.
14:02 of 1st period - Snap shot by Josh Jooris.
14:02 of 1st period - Shot Blocked by Christian Hanson.
14:04 of 1st period - Slapshot by Josh Jooris.
14:04 of 1st period - Stopped by Marek Schwarz with a rebound.
14:06 of 1st period - Snap shot by Riley Sheahan.
14:06 of 1st period - Shot Misses the Net.
14:18 of 1st period - Andrew Shaw is hit by Matt Calvert and loses puck.
15:21 of 1st period - Wrist shot by Christian Hanson.
15:21 of 1st period - Shot Blocked by Tomas Tatar.
15:23 of 1st period - Snap shot by Fedor Fedorov.
15:23 of 1st period - Goal by Fedor Fedorov - Patriotes : 2 - Mustangs : 1.
15:24 of 1st period - Josh Jooris wins face-off versus Christian Hanson in neutral zone.
15:49 of 1st period - Timothy Kunes is hit by Mika Zibanejad.
15:59 of 1st period - Wrist shot by Tomas Tatar.
15:59 of 1st period - Stopped by Marek Schwarz without a rebound.
16:00 of 1st period - Christian Hanson wins face-off versus Riley Sheahan in Patriotes zone.
16:19 of 1st period - Josh Jooris is hit by Fedor Fedorov and loses puck.
17:16 of 1st period - Wrist shot by Emerson Etem.
17:16 of 1st period - Shot Misses the Net.
17:18 of 1st period - Backhand shot by Ryan Wilson.
17:18 of 1st period - Deflect By Phil McRae.
17:18 of 1st period - Stopped by Peter Mannino with a rebound.
17:20 of 1st period - Snap shot by Timothy Kunes.
17:20 of 1st period - Stopped by Peter Mannino without a rebound.
17:21 of 1st period - Christian Hanson wins face-off versus Marcus Foligno in Mustangs zone.
17:24 of 1st period - Slapshot by Christian Hanson.
17:24 of 1st period - Shot Blocked by Brady Skjei.
18:19 of 1st period - Minor Penalty to Joshua Leivo for Tripping.
18:20 of 1st period - Christian Hanson wins face-off versus Riley Sheahan in Mustangs zone.
18:24 of 1st period - Snap shot by Andrew Gordon.
18:24 of 1st period - Shot Misses the Net.
18:26 of 1st period - Slapshot by Timothy Kunes.
18:26 of 1st period - Shot Misses the Net.
18:28 of 1st period - Slapshot by Timothy Kunes.
18:28 of 1st period - Stopped by Peter Mannino with a rebound.
18:30 of 1st period - Snap shot by Fedor Fedorov.
18:30 of 1st period - Deflect By Christian Hanson.
18:30 of 1st period - Stopped by Peter Mannino with a rebound.
18:32 of 1st period - Wrist shot by Christian Hanson.
18:32 of 1st period - Stopped by Peter Mannino with a rebound.
18:34 of 1st period - Snap shot by Ryan Wilson.
18:34 of 1st period - Deflect By Riley Sheahan.
18:34 of 1st period - Stopped by Peter Mannino with a rebound.
18:36 of 1st period - Slapshot by Ryan Wilson.
18:36 of 1st period - Shot Blocked by Riley Sheahan.
18:54 of 1st period - Snap shot by Tyler Randell.
18:54 of 1st period - Stopped by Peter Mannino with a rebound.
19:08 of 1st period - Tomas Tatar is hit by Christian Hanson and loses puck.
Goals for this period are 2 for Patriotes vs 1 for Mustangs.
Shots for this period are 13 for Patriotes vs 9 for Mustangs.
2nd period
0:01 of 2nd period - Christian Hanson wins face-off versus Riley Sheahan in neutral zone.
0:03 of 2nd period - Off-side.
0:04 of 2nd period - Christian Hanson wins face-off versus Riley Sheahan in neutral zone.
0:13 of 2nd period - Slapshot by Christian Hanson.
0:13 of 2nd period - Deflect By Brady Skjei.
0:13 of 2nd period - Goal by Christian Hanson - Patriotes : 3 - Mustangs : 1.
0:14 of 2nd period - Riley Sheahan wins face-off versus Christian Hanson in neutral zone.
0:17 of 2nd period - Timothy Kunes is hit by Marcus Foligno and loses puck.
0:30 of 2nd period - Slapshot by Marcus Foligno.
0:30 of 2nd period - Shot Misses the Net.
0:44 of 2nd period - Slapshot by Ryan Wilson.
0:44 of 2nd period - Deflect By Zenon Konopka.
0:44 of 2nd period - Stopped by Peter Mannino with a rebound.
0:50 of 2nd period - Slapshot by Brady Skjei.
0:50 of 2nd period - Deflect By Tomas Tatar.
0:50 of 2nd period - Shot Blocked by Ryan Wilson.
0:50 of 2nd period - Puck is out of play.
0:51 of 2nd period - Riley Sheahan wins face-off versus Evgeny Kuznetsov in Patriotes zone.
1:16 of 2nd period - Andrew Gordon is hit by Mika Zibanejad and loses puck.
2:27 of 2nd period - Snap shot by Evgeny Kuznetsov.
2:27 of 2nd period - Stopped by Peter Mannino without a rebound.
2:28 of 2nd period - Christian Hanson wins face-off versus Mika Zibanejad in Mustangs zone.
2:37 of 2nd period - Slapshot by Tomas Tatar.
2:37 of 2nd period - Shot Misses the Net.
2:39 of 2nd period - Snap shot by Mika Zibanejad.
2:39 of 2nd period - Shot Misses the Net.
2:41 of 2nd period - Wrist shot by Andrew Shaw.
2:41 of 2nd period - Stopped by Marek Schwarz without a rebound.
2:42 of 2nd period - Zenon Konopka wins face-off versus Riley Sheahan in Patriotes zone.
3:13 of 2nd period - Slapshot by Timothy Kunes.
3:13 of 2nd period - Stopped by Peter Mannino with a rebound.
3:15 of 2nd period - Snap shot by Christian Hanson.
3:15 of 2nd period - Deflect By Mika Zibanejad.
3:15 of 2nd period - Stopped by Peter Mannino with a rebound.
3:17 of 2nd period - Slapshot by Fedor Fedorov.
3:17 of 2nd period - Shot Blocked by Joe Finley.
3:35 of 2nd period - Snap shot by Jerome Samson.
3:35 of 2nd period - Deflect By Joshua Leivo.
3:35 of 2nd period - Shot Blocked by David Kolomatis.
3:35 of 2nd period - Puck is out of play.
3:36 of 2nd period - Christian Hanson wins face-off versus Riley Sheahan in Patriotes zone.
3:36 of 2nd period - Christian Hanson is hit by Josh Jooris.
3:44 of 2nd period - Snap shot by Josh Jooris.
3:44 of 2nd period - Shot Misses the Net.
4:05 of 2nd period - Off-side.
4:06 of 2nd period - Mika Zibanejad wins face-off versus Zenon Konopka in neutral zone.
4:21 of 2nd period - Slapshot by Ryan Wilson.
4:21 of 2nd period - Deflect By Tyler Randell.
4:21 of 2nd period - Shot Misses the Net.
4:21 of 2nd period - Puck is out of play.
4:22 of 2nd period - Christian Hanson wins face-off versus Riley Sheahan in Mustangs zone.
4:25 of 2nd period - Snap shot by Andrew Gordon.
4:25 of 2nd period - Shot Blocked by Josh Jooris.
4:27 of 2nd period - Slapshot by Ryan Wilson.
4:27 of 2nd period - Shot Blocked by Brady Skjei.
5:31 of 2nd period - Cameron Gaunce is hit by Anthony Bitetto.
5:35 of 2nd period - Alex Petrovic is hit by Mark Pysyk and loses puck.
5:54 of 2nd period - Snap shot by Josh Jooris.
5:54 of 2nd period - Shot Blocked by Aaron Ness.
5:56 of 2nd period - Backhand shot by Scott Mayfield.
5:56 of 2nd period - Shot Blocked by Fedor Fedorov.
5:58 of 2nd period - Snap shot by Josh Jooris.
5:58 of 2nd period - Goal by Josh Jooris - Patriotes : 3 - Mustangs : 2.
5:59 of 2nd period - Riley Sheahan wins face-off versus Fedor Fedorov in neutral zone.
6:33 of 2nd period - Slapshot by Matt Calvert.
6:33 of 2nd period - Stopped by Peter Mannino with a rebound.
6:45 of 2nd period - Wrist shot by Emerson Etem.
6:45 of 2nd period - Stopped by Peter Mannino with a rebound.
6:47 of 2nd period - Snap shot by Anthony Bitetto.
6:47 of 2nd period - Stopped by Peter Mannino without a rebound.
6:48 of 2nd period - Jim O'Brien wins face-off versus Vince Hinostroza in Mustangs zone.
6:57 of 2nd period - Snap shot by Jerome Samson.
6:57 of 2nd period - Shot Misses the Net.
7:13 of 2nd period - Andrew Gordon is hit by Cameron Gaunce and loses puck.
7:18 of 2nd period - Slapshot by Josh Jooris.
7:18 of 2nd period - Stopped by Marek Schwarz with a rebound.
7:20 of 2nd period - Snap shot by Scott Mayfield.
7:20 of 2nd period - Shot Blocked by Andrew Gordon.
7:38 of 2nd period - Wrist shot by Zenon Konopka.
7:38 of 2nd period - Stopped by Peter Mannino without a rebound.
7:39 of 2nd period - Zenon Konopka wins face-off versus Mika Zibanejad in Mustangs zone.
7:40 of 2nd period - Slapshot by Matt Calvert.
7:40 of 2nd period - Shot Blocked by Brady Skjei.
7:42 of 2nd period - Slapshot by Ryan Wilson.
7:42 of 2nd period - Stopped by Peter Mannino with a rebound.
7:44 of 2nd period - Snap shot by Zenon Konopka.
7:44 of 2nd period - Shot Blocked by Tomas Tatar.
7:46 of 2nd period - Wrist shot by Zenon Konopka.
7:46 of 2nd period - Goal by Zenon Konopka - Patriotes : 4 - Mustangs : 2.
7:47 of 2nd period - Riley Sheahan wins face-off versus Christian Hanson in neutral zone.
7:50 of 2nd period - Andrew Gordon is hit by Josh Jooris and loses puck.
7:57 of 2nd period - Slapshot by Marcus Foligno.
7:57 of 2nd period - Stopped by Marek Schwarz with a rebound.
8:20 of 2nd period - Slapshot by Zenon Konopka.
8:20 of 2nd period - Stopped by Peter Mannino with a rebound.
8:53 of 2nd period - Anthony Bitetto is hit by Mark Pysyk and loses puck.
9:19 of 2nd period - Snap shot by Jim O'Brien.
9:19 of 2nd period - Goal by Jim O'Brien - Patriotes : 4 - Mustangs : 3.
9:20 of 2nd period - Christian Hanson wins face-off versus Josh Jooris in neutral zone.
9:27 of 2nd period - Wrist shot by Fedor Fedorov.
9:27 of 2nd period - Shot Misses the Net.
9:29 of 2nd period - Snap shot by Andrew Gordon.
9:29 of 2nd period - Shot Blocked by Cameron Gaunce.
9:31 of 2nd period - Wrist shot by Andrew Gordon.
9:31 of 2nd period - Shot Misses the Net.
9:45 of 2nd period - Zenon Konopka is hit by Brady Skjei and loses puck.
9:52 of 2nd period - Snap shot by Mika Zibanejad.
9:52 of 2nd period - Stopped by Marek Schwarz with a rebound.
10:08 of 2nd period - Wrist shot by Curtis Hamilton.
10:08 of 2nd period - Shot Misses the Net.
10:10 of 2nd period - Slapshot by Derek Joslin.
10:10 of 2nd period - Stopped by Marek Schwarz with a rebound.
10:12 of 2nd period - Snap shot by Francis Paré.
10:12 of 2nd period - Shot Blocked by Aaron Ness.
10:14 of 2nd period - Backhand shot by Derek Joslin.
10:14 of 2nd period - Shot Blocked by Emerson Etem.
10:22 of 2nd period - Minor Penalty to Emerson Etem for Hooking.
10:23 of 2nd period - Riley Sheahan wins face-off versus Andrew Gordon in Patriotes zone.
10:24 of 2nd period - Slapshot by Brady Skjei.
10:24 of 2nd period - Stopped by Marek Schwarz without a rebound.
10:25 of 2nd period - Riley Sheahan wins face-off versus Andrew Gordon in Patriotes zone.
10:26 of 2nd period - Slapshot by Brady Skjei.
10:26 of 2nd period - Deflect By Marcus Foligno.
10:26 of 2nd period - Shot Misses the Net.
10:26 of 2nd period - Puck is out of play.
10:27 of 2nd period - Riley Sheahan wins face-off versus Christian Hanson in Patriotes zone.
10:32 of 2nd period - Snap shot by Josh Jooris.
10:32 of 2nd period - Stopped by Marek Schwarz with a rebound.
10:34 of 2nd period - Snap shot by Riley Sheahan.
10:34 of 2nd period - Deflect By Timothy Kunes.
10:34 of 2nd period - Stopped by Marek Schwarz with a rebound.
11:00 of 2nd period - Snap shot by Tomas Tatar.
11:00 of 2nd period - Goal by Tomas Tatar - Patriotes : 4 - Mustangs : 4.
11:01 of 2nd period - Zenon Konopka wins face-off versus Riley Sheahan in neutral zone.
11:16 of 2nd period - Wrist shot by Matt Calvert.
11:16 of 2nd period - Stopped by Peter Mannino without a rebound.
11:17 of 2nd period - Andrew Shaw wins face-off versus Christian Hanson in Mustangs zone.
11:22 of 2nd period - Slapshot by Tomas Tatar.
11:22 of 2nd period - Shot Blocked by Ryan Wilson.
11:24 of 2nd period - Slapshot by Cameron Gaunce.
11:24 of 2nd period - Deflect By Ryan Wilson.
11:24 of 2nd period - Stopped by Marek Schwarz without a rebound.
11:25 of 2nd period - Mika Zibanejad wins face-off versus Christian Hanson in Patriotes zone.
12:02 of 2nd period - Cameron Gaunce is hit by Ryan Wilson and loses puck.
12:53 of 2nd period - Wrist shot by Christian Hanson.
12:53 of 2nd period - Stopped by Peter Mannino with a rebound.
13:14 of 2nd period - Matt Calvert is hit by Josh Jooris and loses puck.
13:19 of 2nd period - Slapshot by Josh Jooris.
13:19 of 2nd period - Deflect By Marcus Foligno.
13:19 of 2nd period - Shot Blocked by Zenon Konopka.
13:19 of 2nd period - Puck is out of play.
13:20 of 2nd period - Tyler Randell wins face-off versus Riley Sheahan in Patriotes zone.
13:32 of 2nd period - Wrist shot by Tyler Randell.
13:32 of 2nd period - Deflect By Matt Calvert.
13:32 of 2nd period - Stopped by Peter Mannino with a rebound.
14:40 of 2nd period - Snap shot by Phil McRae.
14:40 of 2nd period - Stopped by Peter Mannino with a rebound.
14:54 of 2nd period - Slapshot by Riley Sheahan.
14:54 of 2nd period - Stopped by Marek Schwarz without a rebound.
14:55 of 2nd period - Riley Sheahan wins face-off versus Christian Hanson in Patriotes zone.
15:20 of 2nd period - Mika Zibanejad is hit by Zenon Konopka.
15:44 of 2nd period - Backhand shot by Rick Schofield.
15:44 of 2nd period - Stopped by Marek Schwarz without a rebound.
15:45 of 2nd period - Rick Schofield wins face-off versus Evgeny Kuznetsov in Patriotes zone.
15:54 of 2nd period - Snap shot by Rick Schofield.
15:54 of 2nd period - Stopped by Marek Schwarz with a rebound.
16:40 of 2nd period - Off-side.
16:41 of 2nd period - Christian Hanson wins face-off versus Riley Sheahan in neutral zone.
18:11 of 2nd period - Backhand shot by Jerome Samson.
18:11 of 2nd period - Shot Misses the Net.
18:13 of 2nd period - Wrist shot by Jim O'Brien.
18:13 of 2nd period - Goal by Jim O'Brien - Patriotes : 4 - Mustangs : 5.
18:14 of 2nd period - Christian Hanson wins face-off versus Riley Sheahan in neutral zone.
19:48 of 2nd period - Wrist shot by Josh Jooris.
19:48 of 2nd period - Deflect By Riley Sheahan.
19:48 of 2nd period - Stopped by Marek Schwarz without a rebound.
19:49 of 2nd period - Riley Sheahan wins face-off versus Christian Hanson in Patriotes zone.
19:56 of 2nd period - Wrist shot by Riley Sheahan.
19:56 of 2nd period - Goal by Riley Sheahan - Patriotes : 4 - Mustangs : 6.
19:56 of 2nd period - Andrei Vasilevskiy enters game.
19:57 of 2nd period - Fedor Fedorov wins face-off versus Riley Sheahan in neutral zone.
Goals for this period are 2 for Patriotes vs 5 for Mustangs.
Shots for this period are 16 for Patriotes vs 18 for Mustangs.
3rd period
0:01 of 3rd period - Christian Hanson wins face-off versus Riley Sheahan in neutral zone.
0:20 of 3rd period - Andrew Gordon is hit by Mark Pysyk and loses puck.
1:00 of 3rd period - Icing by Brady Skjei.
1:01 of 3rd period - Jim O'Brien wins face-off versus Evgeny Kuznetsov in Mustangs zone.
1:45 of 3rd period - Backhand shot by Joe Finley.
1:45 of 3rd period - Shot Blocked by Alex Petrovic.
1:55 of 3rd period - Wrist shot by Jerome Samson.
1:55 of 3rd period - Shot Blocked by Anthony Bitetto.
2:09 of 3rd period - David Kolomatis is hit by Marcus Foligno and loses puck.
2:16 of 3rd period - Snap shot by Phil McRae.
2:16 of 3rd period - Deflect By Emerson Etem.
2:16 of 3rd period - Stopped by Peter Mannino without a rebound.
2:17 of 3rd period - Riley Sheahan wins face-off versus Christian Hanson in Mustangs zone.
2:17 of 3rd period - Riley Sheahan is hit by Timothy Kunes.
2:25 of 3rd period - Fedor Fedorov is hit by Marcus Foligno.
2:29 of 3rd period - Slapshot by Ryan Wilson.
2:29 of 3rd period - Shot Blocked by Brady Skjei.
2:43 of 3rd period - Tyler Randell is hit by Tomas Tatar and loses puck.
3:08 of 3rd period - Wrist shot by Rick Schofield.
3:08 of 3rd period - Stopped by Andrei Vasilevskiy with a rebound.
3:10 of 3rd period - Minor Penalty to Aaron Ness for Tripping.
3:11 of 3rd period - Christian Hanson wins face-off versus Riley Sheahan in Patriotes zone.
3:28 of 3rd period - Josh Jooris is hit by Christian Hanson and loses puck.
4:31 of 3rd period - Minor Penalty to Josh Jooris for Goalie Interference.
4:32 of 3rd period - Andrew Gordon wins face-off versus Riley Sheahan in Mustangs zone.
4:35 of 3rd period - Slapshot by Ryan Wilson.
4:35 of 3rd period - Deflect By Andrew Gordon.
4:35 of 3rd period - Stopped by Peter Mannino without a rebound.
4:36 of 3rd period - Andrew Gordon wins face-off versus Riley Sheahan in Mustangs zone.
4:49 of 3rd period - Slapshot by Brady Skjei.
4:49 of 3rd period - Shot Blocked by Christian Hanson.
4:51 of 3rd period - Snap shot by Marcus Foligno.
4:51 of 3rd period - Deflect By Riley Sheahan.
4:51 of 3rd period - Shot Blocked by Timothy Kunes.
4:51 of 3rd period - Puck is out of play.
4:52 of 3rd period - Riley Sheahan wins face-off versus Andrew Gordon in Patriotes zone.
5:10 of 3rd period - Penalty to Aaron Ness is over, Aaron Ness is back on ice.
5:17 of 3rd period - Slapshot by Ryan Wilson.
5:17 of 3rd period - Stopped by Peter Mannino with a rebound.
5:19 of 3rd period - Wrist shot by Zenon Konopka.
5:19 of 3rd period - Shot Blocked by Brady Skjei.
5:21 of 3rd period - Snap shot by Matt Calvert.
5:21 of 3rd period - Stopped by Peter Mannino with a rebound.
5:23 of 3rd period - Snap shot by Tyler Randell.
5:23 of 3rd period - Goal by Tyler Randell - Patriotes : 5 - Mustangs : 6.
5:24 of 3rd period - Mika Zibanejad wins face-off versus Christian Hanson in neutral zone.
6:38 of 3rd period - Snap shot by Timothy Kunes.
6:38 of 3rd period - Deflect By Fedor Fedorov.
6:38 of 3rd period - Goal by Fedor Fedorov - Patriotes : 6 - Mustangs : 6.
6:39 of 3rd period - Riley Sheahan wins face-off versus Christian Hanson in neutral zone.
6:42 of 3rd period - Slapshot by Cameron Gaunce.
6:42 of 3rd period - Shot Blocked by Christian Hanson.
7:01 of 3rd period - Icing by Christian Hanson.
7:02 of 3rd period - Mika Zibanejad wins face-off versus Evgeny Kuznetsov in Patriotes zone.
7:03 of 3rd period - Wrist shot by Tomas Tatar.
7:03 of 3rd period - Shot Hit the Post.
7:11 of 3rd period - Slapshot by Anthony Bitetto.
7:11 of 3rd period - Stopped by Peter Mannino with a rebound.
7:13 of 3rd period - Wrist shot by Justin Florek.
7:13 of 3rd period - Goal by Justin Florek - Patriotes : 7 - Mustangs : 6.
7:14 of 3rd period - Riley Sheahan wins face-off versus Christian Hanson in neutral zone.
7:19 of 3rd period - Snap shot by Josh Jooris.
7:19 of 3rd period - Shot Misses the Net.
8:07 of 3rd period - Wrist shot by Jim O'Brien.
8:07 of 3rd period - Goal by Jim O'Brien - Patriotes : 7 - Mustangs : 7.
8:08 of 3rd period - Christian Hanson wins face-off versus Riley Sheahan in neutral zone.
8:15 of 3rd period - Slapshot by Andrew Gordon.
8:15 of 3rd period - Stopped by Peter Mannino with a rebound.
9:19 of 3rd period - Wrist shot by Rick Schofield.
9:19 of 3rd period - Stopped by Andrei Vasilevskiy without a rebound.
9:20 of 3rd period - Rick Schofield wins face-off versus Phil McRae in Patriotes zone.
9:56 of 3rd period - Josh Jooris is hit by Fedor Fedorov and loses puck.
10:11 of 3rd period - Snap shot by Zenon Konopka.
10:11 of 3rd period - Stopped by Peter Mannino with a rebound.
11:15 of 3rd period - Wrist shot by Mika Zibanejad.
11:15 of 3rd period - Stopped by Andrei Vasilevskiy without a rebound.
11:16 of 3rd period - Christian Hanson wins face-off versus Marcus Foligno in Patriotes zone.
11:23 of 3rd period - Slapshot by Alex Petrovic.
11:23 of 3rd period - Stopped by Peter Mannino with a rebound.
11:32 of 3rd period - Minor Penalty to Fedor Fedorov for Hooking.
11:33 of 3rd period - Marcus Foligno wins face-off versus Andrew Gordon in Patriotes zone.
11:49 of 3rd period - Snap shot by Riley Sheahan.
11:49 of 3rd period - Shot Misses the Net.
12:14 of 3rd period - Slapshot by Cameron Gaunce.
12:14 of 3rd period - Stopped by Andrei Vasilevskiy with a rebound.
12:16 of 3rd period - Snap shot by Brady Skjei.
12:16 of 3rd period - Goal by Brady Skjei - Patriotes : 7 - Mustangs : 8.
12:17 of 3rd period - Andrew Shaw wins face-off versus Christian Hanson in neutral zone.
12:44 of 3rd period - Timothy Kunes is hit by Josh Jooris.
13:06 of 3rd period - Josh Jooris is hit by Matt Calvert and loses puck.
13:15 of 3rd period - Wrist shot by Matt Calvert.
13:15 of 3rd period - Shot Blocked by Mark Pysyk.
13:23 of 3rd period - Snap shot by Zenon Konopka.
13:23 of 3rd period - Goal by Zenon Konopka - Patriotes : 8 - Mustangs : 8.
13:24 of 3rd period - Mika Zibanejad wins face-off versus Christian Hanson in neutral zone.
13:37 of 3rd period - Wrist shot by Andrew Shaw.
13:37 of 3rd period - Shot Misses the Net.
13:39 of 3rd period - Wrist shot by Tomas Tatar.
13:39 of 3rd period - Shot Blocked by Timothy Kunes.
13:51 of 3rd period - Brady Skjei is hit by Justin Florek and loses puck.
13:58 of 3rd period - Snap shot by Justin Florek.
13:58 of 3rd period - Stopped by Peter Mannino without a rebound.
13:59 of 3rd period - Riley Sheahan wins face-off versus Christian Hanson in Mustangs zone.
14:10 of 3rd period - Wrist shot by Marcus Foligno.
14:10 of 3rd period - Shot Misses the Net.
14:12 of 3rd period - Slapshot by Mark Pysyk.
14:12 of 3rd period - Shot Blocked by Fedor Fedorov.
14:26 of 3rd period - Matt Calvert is hit by Tomas Tatar and loses puck.
14:55 of 3rd period - Emerson Etem is hit by Tomas Tatar and loses puck.
15:15 of 3rd period - Slapshot by Derek Joslin.
15:15 of 3rd period - Stopped by Andrei Vasilevskiy without a rebound.
15:16 of 3rd period - Jim O'Brien wins face-off versus Evgeny Kuznetsov in Patriotes zone.
15:23 of 3rd period - Backhand shot by Brady Skjei.
15:23 of 3rd period - Shot Misses the Net.
15:25 of 3rd period - Slapshot by Cameron Gaunce.
15:25 of 3rd period - Stopped by Andrei Vasilevskiy without a rebound.
15:26 of 3rd period - Joshua Leivo wins face-off versus Christian Hanson in Patriotes zone.
15:56 of 3rd period - Brady Skjei is hit by Timothy Kunes and loses puck.
16:03 of 3rd period - Snap shot by Josh Jooris.
16:03 of 3rd period - Shot Blocked by Timothy Kunes.
16:19 of 3rd period - Slapshot by Rick Schofield.
16:19 of 3rd period - Stopped by Andrei Vasilevskiy without a rebound.
16:20 of 3rd period - Jim O'Brien wins face-off versus Zenon Konopka in Patriotes zone.
16:23 of 3rd period - Wrist shot by Jerome Samson.
16:23 of 3rd period - Shot Blocked by Alex Petrovic.
16:39 of 3rd period - Snap shot by Zenon Konopka.
16:39 of 3rd period - Deflect By Tyler Randell.
16:39 of 3rd period - Shot Misses the Net.
16:39 of 3rd period - Puck is out of play.
16:40 of 3rd period - Riley Sheahan wins face-off versus Evgeny Kuznetsov in Mustangs zone.
16:59 of 3rd period - Minor Penalty to Brady Skjei for Hooking.
17:00 of 3rd period - Christian Hanson wins face-off versus Riley Sheahan in Mustangs zone.
17:08 of 3rd period - Snap shot by Fedor Fedorov.
17:08 of 3rd period - Stopped by Peter Mannino without a rebound.
17:09 of 3rd period - Christian Hanson wins face-off versus Riley Sheahan in Mustangs zone.
18:10 of 3rd period - Snap shot by Ryan Wilson.
18:10 of 3rd period - Deflect By Riley Sheahan.
18:10 of 3rd period - Stopped by Peter Mannino with a rebound.
18:12 of 3rd period - Slapshot by Timothy Kunes.
18:12 of 3rd period - Stopped by Peter Mannino without a rebound.
18:13 of 3rd period - Jim O'Brien wins face-off versus Zenon Konopka in Mustangs zone.
18:59 of 3rd period - Penalty to Brady Skjei is over, Brady Skjei is back on ice.
Goals for this period are 4 for Patriotes vs 2 for Mustangs.
Shots for this period are 16 for Patriotes vs 9 for Mustangs.
Overtime #1
0:01 of 1st overtime period - Riley Sheahan wins face-off versus Andrew Gordon in neutral zone.
0:34 of 1st overtime period - Slapshot by Riley Sheahan.
0:34 of 1st overtime period - Stopped by Andrei Vasilevskiy without a rebound.
0:35 of 1st overtime period - Riley Sheahan wins face-off versus Andrew Gordon in Patriotes zone.
0:49 of 1st overtime period - Off-side.
0:50 of 1st overtime period - Fedor Fedorov wins face-off versus Mika Zibanejad in neutral zone.
0:53 of 1st overtime period - Slapshot by Ryan Wilson.
0:53 of 1st overtime period - Shot Blocked by Cameron Gaunce.
1:05 of 1st overtime period - Snap shot by Tomas Tatar.
1:05 of 1st overtime period - Deflect By Mika Zibanejad.
1:05 of 1st overtime period - Stopped by Andrei Vasilevskiy with a rebound.
1:15 of 1st overtime period - Marcus Foligno is hit by Ryan Wilson.
2:16 of 1st overtime period - Anthony Bitetto is hit by Marcus Foligno and loses puck.
4:01 of 1st overtime period - Icing by Tomas Tatar.
4:02 of 1st overtime period - Austin Watson wins face-off versus Riley Sheahan in Mustangs zone.
4:23 of 1st overtime period - Ryan Wilson is hit by Brady Skjei and loses puck.
Goals for this period are 0 for Patriotes vs 0 for Mustangs.
Shots for this period are 0 for Patriotes vs 2 for Mustangs.
ShootOut
5:00 of 1st overtime period - Penalty Shot by Andrew Gordon for Patriotes.
5:00 of 1st overtime period - Deke by Andrew Gordon.
5:00 of 1st overtime period - Shot Misses the Net.
5:00 of 1st overtime period - Penalty Shot by Rick Schofield for Mustangs.
5:00 of 1st overtime period - Deke by Rick Schofield.
5:00 of 1st overtime period - Stopped by Andrei Vasilevskiy.
5:00 of 1st overtime period - Penalty Shot by Christian Hanson for Patriotes.
5:00 of 1st overtime period - Deke by Christian Hanson.
5:00 of 1st overtime period - Shot Misses the Net.
5:00 of 1st overtime period - Penalty Shot by Mika Zibanejad for Mustangs.
5:00 of 1st overtime period - Snap shot by Mika Zibanejad.
5:00 of 1st overtime period - Stopped by Andrei Vasilevskiy.
5:00 of 1st overtime period - Penalty Shot by Fedor Fedorov for Patriotes.
5:00 of 1st overtime period - Deke by Fedor Fedorov.
5:00 of 1st overtime period - Stopped by Peter Mannino.
5:00 of 1st overtime period - Penalty Shot by Andrew Shaw for Mustangs.
5:00 of 1st overtime period - Wrist shot by Andrew Shaw.
5:00 of 1st overtime period - Stopped by Andrei Vasilevskiy.
5:00 of 1st overtime period - Penalty Shot by Tyler Randell for Patriotes.
5:00 of 1st overtime period - Deke by Tyler Randell.
5:00 of 1st overtime period - Goal by Tyler Randell.
5:00 of 1st overtime period - Penalty Shot by Marcus Foligno for Mustangs.
5:00 of 1st overtime period - Deke by Marcus Foligno.
5:00 of 1st overtime period - Stopped by Andrei Vasilevskiy.
Back to the Top